 Dungeon Crawl Stone Soup version 0.20.1-1-g8b1a95d (webtiles) character file.

159 Megalobster the Shield-Bearer (level 5, 0/49 HPs)
             Began as a Deep Dwarf Fighter on Aug 1, 2017.
             Was a Follower of Makhleb.
             Slain by a gnoll
             ... wielding a +0 spear
              (4 damage)
             ... on level 3 of the Dungeon.
             The game lasted 00:06:50 (1704 turns).

Megalobster the Shield-Bearer (Deep Dwarf Fighter)  Turns: 1704, Time: 00:06:51

Health: 0/49       AC:  7    Str: 20    XL:     5   Next: 17%
Magic:  6/6        EV:  7    Int:  9    God:    Makhleb [*.....]
Gold:   151        SH:  9    Dex: 12    Spells: 4/4 levels left

rFire    . . .     SeeInvis .   a - +0 war axe
rCold    . . .     Gourm    .   c - +0 shield
rNeg     . . .     Faith    .   b - +0 scale mail
rPois    .         Spirit   .   (no helmet)
rElec    .         Reflect  .   (no cloak)
rCorr    .         Harm     .   (no gloves)
MR       .....                  (no boots)
Stlth    ..........             (no amulet)
Regen    0.0/turn               (no ring)
MPRegen  0.1/turn               (no ring)

@: non-regenerating, hasted, very quick
A: damage resistance, heal wounds, sense surroundings 1, no regeneration
a: Heal Wounds, Renounce Religion


You were on level 3 of the Dungeon.
You worshipped Makhleb.
Makhleb was aware of your devotion.
You were not hungry.

You visited 1 branch of the dungeon, and saw 3 of its levels.

You collected 151 gold pieces.

Inventory:

Hand Weapons
 a - a +0 war axe (weapon)
 i - a cursed +0 hunting sling
 s - a +0 hunting sling
Missiles
 j - 6 curare-tipped needles
 k - 11 poisoned needles
 l - 49 stones (quivered)
 o - 27 sling bullets
Armour
 b - a +0 scale mail (worn)
 c - a +0 shield (worn)
 n - a +0 scale mail
Jewellery
 x - a cursed ring of loudness {unknown}
Scrolls
 e - 3 scrolls of remove curse {unknown}
 g - a scroll of noise {unknown}
 h - a scroll of amnesia {unknown}
 p - a scroll of identify {unknown}
 q - a scroll of random uselessness {unknown}
 v - a scroll of teleportation {unknown}
 y - a scroll of enchant weapon {unknown}
Potions
 d - 2 potions of might
 t - a potion of lignification {unknown}
 w - a potion of haste
Comestibles
 f - a bread ration
 m - 4 fruits
 r - 5 chunks of flesh


   Skills:
 + Level 3.3 Fighting
 * Level 4.0 Axes
 + Level 3.9 Armour
 + Level 4.1 Shields
 + Level 1.5 Invocations


You had 4 spell levels left.
You didn't know any spells.

Dungeon Overview and Level Annotations

Branches:
Dungeon (3/15)

Altars:
Elyvilon
Makhleb


Innate Abilities, Weirdness & Mutations

You are resistant to damage.
You can heal yourself by infusing magical energy.
You passively map a small area around you.
You do not regenerate.


Message History

It was a potion of haste.
You feel yourself speed up. You block the gnoll's attack.
The gnoll closely misses you.
It was a potion of curing.
You feel better. The gnoll hits you with a whip.
You closely miss the gnoll. The gnoll hits you but does no damage.
You block the gnoll's attack.
You closely miss the gnoll. The gnoll barely misses you.
You block the gnoll's attack.
You slash the gnoll!
The gnoll is heavily wounded.
The gnoll hits you but does no damage. The gnoll hits you with a whip.
* * * LOW HITPOINT WARNING * * *
You barely miss the gnoll.
The gnoll is heavily wounded.
The gnoll hits you from afar with a spear.
* * * LOW HITPOINT WARNING * * *
The gnoll hits you but does no damage.
You hit the gnoll.
The gnoll is severely wounded.
The gnoll hits you from afar with a spear.
You die...

#.#.######.#*
####.#
#.#......... ,
[.#
#.#.######## *
### #.#.# * *
#.#.# *
**#.#.#######*
,..#.......# ,
* #.#####.# *
# #@#####.#..
#.#g#.......#
#...g.(...#
###..†#(###*
#........g. ,
* *
##..#.#..g. ,
#.>#.#,### *
*#.$#,.,* , ,
...# %.* ,


You could see 2 gnolls.

Vanquished Creatures
  An ogre (D:3)
  2 gnolls (D:3)
  An adder (D:2)
  A worm (D:2)
  2 dart slugs (D:1)
  A leopard gecko (D:1)
  An orc (D:2)
  3 giant cockroaches (D:2)
  8 goblins
  4 hobgoblins
  3 kobolds
  A quokka (D:3)
  6 bats
  4 frilled lizards
  5 rats
43 creatures vanquished.

Notes
Turn   | Place    | Note
-------+----------+-------------------------------------------
     0 | D:1      | Megalobster the Deep Dwarf Fighter began the quest for the Orb.
     0 | D:1      | Reached XP level 1. HP: 20/20 MP: 1/1
   313 | D:1      | Reached XP level 2. HP: 18/27 MP: 2/2
  1135 | D:2      | Reached XP level 3. HP: 21/33 MP: 3/3
  1247 | D:2      | Found a burning altar of Makhleb.
  1253 | D:2      | Became a worshipper of Makhleb the Destroyer
  1259 | D:2      | Found a white marble altar of Elyvilon.
  1624 | D:3      | Noticed an ogre
  1630 | D:3      | Killed an ogre
  1630 | D:3      | Reached skill level 1 in Invocations
  1630 | D:3      | Reached XP level 4. HP: 16/42 MP: 3/5
  1677 | D:3      | Reached XP level 5. HP: 18/49 MP: 6/6
  1689 | D:3      | Reached * piety under Makhleb
  1697 | D:3      | HP: 2/49 [gnoll/spear (5)]
  1704 | D:3      | Slain by a gnoll

Skill      XL: |  1  2  3  4  5 |
---------------+----------------+-----
Axes           | 3 4 |  4.0
Fighting       | 3 |  3.3
Shields        | 4 |  4.1
Invocations    | 1 |  1.5
Armour         | |  3.9

Action                   |  1- 3 |  4- 6 || total
-------------------------+-------+-------++-------
Melee: War axe           |   111 |    24 ||   135
Throw: Tomahawk          |     2 |     2 ||     4
       Stone             |     2 |       ||     2
  Use: Potion            |       |     2 ||     2
  Eat: Chunk             |     2 |     1 ||     3
Armor: Scale mail        |    55 |    10 ||    65
Dodge: Dodged            |    35 |     9 ||    44
Block: Shield            |    62 |    11 ||    73
